Cogmind - Beta 15 @@@ ROGUE MODE // 2025.06.02 @ 23:09:02 Player: Darcyisverycute Result: Self-destructed Performance ------------- Evolutions (7) 3500 Regions Visited (9) 1800 Robots Destroyed (0) 0 Value Destroyed (0) 0 Prototype IDs (1) 20 Alien Tech Used (0) 0 Bonus (4585) 4585 TOTAL SCORE: 9905 Bonus ------- Pacifist 4085 Entered DSFs 500 Cogmind --------- Core Integrity 54/1300 Matter 187/300 Energy 99/100 System Corruption 2% Temperature Cool (0) Movement Core (50) Location -3/Research Parts ------- > --- POWER (2) -------- (None) > --- PROPULSION (10) -- (None) > --- UTILITY (7) ------ (None) > --- WEAPON (2) ------- (None) > --- INVENTORY (5) ---- Light Ion Engine Advanced Treads Advanced Treads Improved Cooling System Peak State ------------ > --- POWER ------------ Light Nuclear Core > --- PROPULSION ------- Gravmag System Gravmag System Gravmag System Gravmag System > --- UTILITY ---------- Sensor Array Signal Interpreter > --- WEAPON ----------- (None) > --- INVENTORY -------- Light Ion Engine Light Treads Advanced Treads Advanced Treads Advanced Visual Processing Unit [Rating: 22] Favorites ----------- Power Light Ion Engine Engine Light Ion Engine Power Core Light Nuclear Core Propulsion Light Treads Treads Light Treads Hover Unit Gravmag System Flight Unit Improved Surge Thruster Utility Signal Interpreter Device Sensor Array Processor Signal Interpreter Hackware Hacking Suite Weapon None Build | -11 -10 -9 -8 -7 -7 -6 -5 -4 -3 ------- Run | Yrd Mat Mat Mat Fac DSF Fac Fac Fac Res Slots Evolved 14 | . . 2 2 2 . 2 2 2 2 Power 1 | . . . 1 . . . . . . Propulsion 8 | . . 2 1 2 . . 1 1 1 Utility 5 | . . . . . . 2 1 1 1 Weapon . | . . . . . . . . . . Parts Attached 23 | 3 2 . 9 . 2 1 2 2 2 Power 3 | 1 . . 1 . 1 . . . . Engine 2 | 1 . . . . 1 . . . . Core 1 | . . . 1 . . . . . . Reactor . | . . . . . . . . . . Propulsion 11 | 2 . . 8 . . . . 1 . Treads 6 | 2 . . 4 . . . . . . Leg . | . . . . . . . . . . Wheel . | . . . . . . . . . . Hover 4 | . . . 4 . . . . . . Flight 1 | . . . . . . . . 1 . Utility 9 | . 2 . . . 1 1 2 1 2 Device 4 | . 1 . . . 1 . 2 . . Storage . | . . . . . . . . . . Processor 2 | . 1 . . . . 1 . . . Hackware 3 | . . . . . . . . 1 2 Protection . | . . . . . . . . . . Artifact . | . . . . . . . . . . Weapon . | . . . . . . . . . . Energy Gun . | . . . . . . . . . . Energy Cannon . | . . . . . . . . . . Ballistic Gun . | . . . . . . . . . . Ballistic Cannon . | . . . . . . . . . . Launcher . | . . . . . . . . . . Special Weapon . | . . . . . . . . . . Impact Weapon . | . . . . . . . . . . Slashing Weapon . | . . . . . . . . . . Piercing Weapon . | . . . . . . . . . . Special Melee Weapon . | . . . . . . . . . . Unidentified Prototypes 1 | . . . . . . . 1 . . Parts Lost 11 | . . . . . 4 2 2 1 2 Power 2 | . . . . . 1 1 . . . Propulsion 5 | . . . . . 2 1 1 . 1 Utility 4 | . . . . . 1 . 1 1 1 Weapon . | . . . . . . . . . . Highest Loss Streak 6 | . . . . . 4 6 2 1 2 To Critical Strikes . | . . . . . . . . . . Average Backups 3 | . . . 2 4 4 4 4 4 4 Power . | . . . 1 1 1 1 1 1 1 Propulsion 1 | . . . 1 3 2 2 2 2 2 Utility . | . . . . . . 1 1 1 1 Weapon . | . . . . . . . . . . Tool/Special . | . . . . . . . . . . Unused Backups 1 | . . . . . . . . . 1 Power . | . . . . . . . . . . Propulsion . | . . . . . . . . . . Utility 1 | . . . . . . . . . 1 Weapon . | . . . . . . . . . . Tool/Special . | . . . . . . . . . . Average Slot Usage (%) 27 | . 64 45 48 53 47 29 23 9 4 Engine 2 | . 14 1 . . 5 1 . . . Treads 7 | . 28 22 25 . . . . . . Hover 3 | . . . 5 30 24 7 4 . . Device 4 | . 10 11 9 7 7 6 5 . . Processor 7 | . 10 11 9 7 7 13 11 8 . Peak Build Rating 22 | 3 5 5 21 21 22 21 21 5 13 Average Rating 8 | 2 4 4 11 21 19 15 14 4 4 On Entrance 9 | . 3 5 4 21 21 18 14 5 4 Naked Turns 92 | . . . . . . . . . 92 Heaviest Build 10 | 3 4 4 6 6 10 10 7 . . Greatest Support 36 | 3 3 3 36 36 36 18 9 3 4 Greatest Overweight (x) 1 | . 1 1 . . . . . . . Average Overweight (x) . | . . . . . . . . . . Largest Inventory Capacity 5 | 5 5 5 5 5 5 5 5 5 5 Average Capacity 5 | 5 5 5 5 5 5 5 5 5 5 Most Carried 5 | . . 1 5 4 5 4 5 5 4 Average Carried 3 | . . . 2 4 4 4 4 4 4 Final Capacity 5 | 5 5 5 5 5 5 5 5 5 5 Final Carried 5 | . . 1 4 4 5 4 5 5 4 Class Distribution -------------------- 88% | Mutant 6% | Sprinter 4% | Hacker-Mutant Dominant Class ---------------- Mutant | -10/Materials Mutant | -9/Materials Mutant | -8/Materials Mutant | -7/Factory Mutant | -7/DSF Mutant | -6/Factory Mutant | -5/Factory Mutant | -4/Factory Mutant | -3/Research Resources | -11 -10 -9 -8 -7 -7 -6 -5 -4 -3 ----------- Run | Yrd Mat Mat Mat Fac DSF Fac Fac Fac Res Matter Collected 278 | 72 . . 94 . . . . 112 . Remotely . | . . . . . . . . . . Salvage Created . | . . . . . . . . . . Parts . | . . . . . . . . . . Haulers Intercepted . | . . . . . . . . . . Recyclers Shooed . | . . . . . . . . . . Parts Field Recycled . | . . . . . . . . . . Retrieved Matter . | . . . . . . . . . . Parts Self-Destructed . | . . . . . . . . . . Prevented . | . . . . . . . . . . Kills | -11 -10 -9 -8 -7 -7 -6 -5 -4 -3 ------- Run | Yrd Mat Mat Mat Fac DSF Fac Fac Fac Res Combat Hostiles Destroyed . | . . . . . . . . . . Classes Destroyed . | . . . . . . . . . . Best Kill Streak . | . . . . . . . . . . Combat Bots Only . | . . . . . . . . . . Max Kills in Single Turn . | . . . . . . . . . . Gunslinging . | . . . . . . . . . . Exploded . | . . . . . . . . . . Melee . | . . . . . . . . . . Uniques/NPCs Destroyed . | . . . . . . . . . . Combat | -11 -10 -9 -8 -7 -7 -6 -5 -4 -3 -------- Run | Yrd Mat Mat Mat Fac DSF Fac Fac Fac Res Hostile Shots Fired 304 | . 34 10 10 . 8 14 30 86 112 Missed 127 | . 12 3 6 . 2 5 11 39 49 Hits 177 | . 22 7 4 . 6 9 19 47 63 Melee 2 | . . . . . . . . 2 . Projectile 175 | . 22 7 4 . 6 9 19 45 63 AOE 2 | . . . . . . . . 2 . Critical Strikes 11 | . . . 1 . 1 . . 7 2 Damage Taken 3628 | . 244 96 69 . 264 175 370 1083 1327 Core 2860 | . 42 35 30 . 45 59 320 1083 1246 Absorbed by Shields . | . . . . . . . . . . Core Remaining (%) 78 | 100 83 91 94 . 93 93 68 5 . Volleys Fired . | . . . . . . . . . . Largest . | . . . . . . . . . . Hottest . | . . . . . . . . . . Shots Fired . | . . . . . . . . . . Gun . | . . . . . . . . . . Cannon . | . . . . . . . . . . Launcher . | . . . . . . . . . . Special . | . . . . . . . . . . Kinetic . | . . . . . . . . . . Thermal . | . . . . . . . . . . Explosive . | . . . . . . . . . . Electromagnetic . | . . . . . . . . . . Robot Hit Streak . | . . . . . . . . . . Robot Miss Streak . | . . . . . . . . . . Penetration Max . | . . . . . . . . . . Secondary Targets . | . . . . . . . . . . Shots Hit Robots . | . . . . . . . . . . Core Hits 4 | . . . . . . . . . 4 Critical Kills . | . . . . . . . . . . Critical Parts Destroyed . | . . . . . . . . . . Critical Strikes . | . . . . . . . . . . Melee Attacks . | . . . . . . . . . . Impact . | . . . . . . . . . . Slashing . | . . . . . . . . . . Piercing . | . . . . . . . . . . Sneak Attacks . | . . . . . . . . . . Combat Hostiles . | . . . . . . . . . . Follow-up Attacks . | . . . . . . . . . . Damage Inflicted 40 | . 9 . . . . . . 13 18 Guns . | . . . . . . . . . . Cannons . | . . . . . . . . . . Explosions . | . . . . . . . . . . Melee . | . . . . . . . . . . Ramming 40 | . 9 . . . . . . 13 18 Kinetic . | . . . . . . . . . . Thermal . | . . . . . . . . . . Explosive . | . . . . . . . . . . Electromagnetic . | . . . . . . . . . . Impact . | . . . . . . . . . . Slashing . | . . . . . . . . . . Piercing . | . . . . . . . . . . Highest Corruption 2 | . 1 . . . . 1 1 1 2 Average Corruption 1 | . 1 . . . . 1 1 1 2 Corruption Purged . | . . . . . . . . . . Corruption Blocked . | . . . . . . . . . . Effects 2 | . . . . . . . 2 . . Matter Fused 1 | . . . . . . . 1 . . Data Loss (minor) 1 | . . . . . . . 1 . . Overload Shots . | . . . . . . . . . . Overflow Damage . | . . . . . . . . . . Projectiles . | . . . . . . . . . . Explosions . | . . . . . . . . . . Melee . | . . . . . . . . . . Knockbacks . | . . . . . . . . . . Impact . | . . . . . . . . . . Kinetic . | . . . . . . . . . . Secondary . | . . . . . . . . . . Self-Inflicted Damage 16 | . 3 . . . . . . 6 7 Shots . | . . . . . . . . . . Rammed 12 | . 3 . . . . . . 2 7 Targets Rammed 12 | . 3 . . . . . . 2 7 Kicked . | . . . . . . . . . . Crushed . | . . . . . . . . . . Highest Temperature 343 | . . . . . . . . . 343 Average Temperature 182 | . . . . . . . . . 182 Received Heat Transfer 797 | . 132 36 54 . . 45 72 51 407 Siege Activations . | . . . . . . . . . . Martial Activations . | . . . . . . . . . . Shielding Activations . | . . . . . . . . . . Robots Disrupted . | . . . . . . . . . . Combat Hostiles . | . . . . . . . . . . Robots Corrupted . | . . . . . . . . . . Combat Hostiles . | . . . . . . . . . . Parts Fried . | . . . . . . . . . . Impact Corruptions . | . . . . . . . . . . Robots Melted . | . . . . . . . . . . Combat Hostiles . | . . . . . . . . . . Parts Melted . | . . . . . . . . . . Heat Transferred . | . . . . . . . . . . Parts Sabotaged . | . . . . . . . . . . Parts Stolen . | . . . . . . . . . . Parts Stripped . | . . . . . . . . . . Power Chain Reactions . | . . . . . . . . . . Alert | -11 -10 -9 -8 -7 -7 -6 -5 -4 -3 ------- Run | Yrd Mat Mat Mat Fac DSF Fac Fac Fac Res Maximum Alert Level . | . . . . . . . . . . Low Security (%) 100 | 100 100 100 100 100 100 100 100 100 100 Level 1 . | . . . . . . . . . . Level 2 . | . . . . . . . . . . Level 3 . | . . . . . . . . . . Level 4 . | . . . . . . . . . . Level 5 . | . . . . . . . . . . High Security . | . . . . . . . . . . Max Security . | . . . . . . . . . . Peak Influence 138 | . . 45 50 22 15 50 19 87 138 Initial 39 | . . . 14 22 15 . 19 . 39 Average 25 | . . 9 12 22 4 24 9 17 68 Influence Increases 527 | . . 45 60 . . 90 18 135 179 Successful Hack 47 | . . . . . . . 18 15 14 Partial Spotted 75 | . . 15 . . . 60 . . . Lose Combat Pursuer 405 | . . 30 60 . . 30 . 120 165 Influence Decreases 409 | . . 10 45 28 22 50 58 58 138 Entered New Map 115 | . . . 21 28 7 . 21 . 38 Time Decay 212 | . . 10 24 . . 30 20 48 80 Lost Part 73 | . . . . . 15 20 8 10 20 Lost Ally 9 | . . . . . . . 9 . . Squads Dispatched 13 | . 2 2 1 . . 1 3 3 1 Investigation 7 | . 2 . . . . 1 3 1 . Extermination . | . . . . . . . . . . Reinforcement 6 | . . 2 1 . . . . 2 1 Assault . | . . . . . . . . . . Garrison . | . . . . . . . . . . Intercept . | . . . . . . . . . . Searches Triggered . | . . . . . . . . . . Construction Impeded 1 | . . . . . . . . 1 . Haulers Reinforced . | . . . . . . . . . . Active Scanning Responses . | . . . . . . . . . . Cargo Convoy Interrupts . | . . . . . . . . . . Stealth | -11 -10 -9 -8 -7 -7 -6 -5 -4 -3 --------- Run | Yrd Mat Mat Mat Fac DSF Fac Fac Fac Res Distress Signals 2 | . . . 1 . . . . . 1 Communications Jammed . | . . . . . . . . . . Distress Signals . | . . . . . . . . . . Times Spotted 79 | . 6 7 9 . 1 3 13 22 18 Peak Tracking Total 13 | . 6 6 8 . 1 3 13 11 8 Tactical Retreats 12 | . . 1 2 . . 1 . 3 5 Traps | -11 -10 -9 -8 -7 -7 -6 -5 -4 -3 ------- Run | Yrd Mat Mat Mat Fac DSF Fac Fac Fac Res Traps Triggered 7 | . 1 . 2 . . . 3 . 1 Indirectly . | . . . . . . . . . . Trap Hack Attempts . | . . . . . . . . . . Triggered . | . . . . . . . . . . Disarmed . | . . . . . . . . . . Reprogrammed . | . . . . . . . . . . Reused . | . . . . . . . . . . Traps Extracted . | . . . . . . . . . . Installed . | . . . . . . . . . . Triggered . | . . . . . . . . . . Machines | -11 -10 -9 -8 -7 -7 -6 -5 -4 -3 ---------- Run | Yrd Mat Mat Mat Fac DSF Fac Fac Fac Res Machines Disabled . | . . . . . . . . . . Max in Single Turn . | . . . . . . . . . . Machines Repaired . | . . . . . . . . . . Machines Dismantled . | . . . . . . . . . . Machines Sabotaged . | . . . . . . . . . . Overloaded Fab Kills . | . . . . . . . . . . Hacking | -11 -10 -9 -8 -7 -7 -6 -5 -4 -3 --------- Run | Yrd Mat Mat Mat Fac DSF Fac Fac Fac Res Machines Accessed 8 | . 1 . . 1 . 1 2 2 1 Terminals 8 | . 1 . . 1 . 1 2 2 1 Fabricators . | . . . . . . . . . . Repair Stations . | . . . . . . . . . . Recycling Units . | . . . . . . . . . . Scanalyzers . | . . . . . . . . . . Garrison Access . | . . . . . . . . . . Total Hacks 27 | . 2 . . 2 . 3 7 11 2 Successful 7 | . . . . 1 . . 1 4 1 Failed 20 | . 2 . . 1 . 3 6 7 1 Catastrophic 1 | . . . . . . 1 . . . Database Lockouts . | . . . . . . . . . . Manual 14 | . . . . . . 3 4 7 . Terminals 27 | . 2 . . 2 . 3 7 11 2 Fabricators . | . . . . . . . . . . Repair Stations . | . . . . . . . . . . Recycling Units . | . . . . . . . . . . Scanalyzers . | . . . . . . . . . . Garrison Access . | . . . . . . . . . . Terminal Hacks 6 | . . . . 1 . . 1 3 1 Record 1 | . . . . . . . . 1 . Part Schematic 1 | . . . . . . . . 1 . Open DSF 1 | . . . . 1 . . . . . Level Access Points 2 | . . . . . . . 1 1 . Emergency Access Points 1 | . . . . . . . . . 1 Fabricator Hacks . | . . . . . . . . . . Repair Station Hacks . | . . . . . . . . . . Recycling Unit Hacks . | . . . . . . . . . . Scanalyzer . | . . . . . . . . . . Garrison Access Hacks . | . . . . . . . . . . Unauthorized Hacks 1 | . . . . . . . . 1 . Terminals 1 | . . . . . . . . 1 . Botnet 1 | . . . . . . . . 1 . Fabricators . | . . . . . . . . . . Repair Stations . | . . . . . . . . . . Recycling Units . | . . . . . . . . . . Scanalyzers . | . . . . . . . . . . Garrison Access . | . . . . . . . . . . Data Cores Recovered . | . . . . . . . . . . Used . | . . . . . . . . . . Hacking Detections 6 | . 1 . . . . 1 2 1 1 Full Trace Events 5 | . 1 . . . . 1 2 1 . Feedback Events 3 | . . . . . . 1 1 1 . Corruption 3 | . . . . . . 1 1 1 . Feedback Blocked . | . . . . . . . . . . Robot Schematics Acquired . | . . . . . . . . . . Robots Built . | . . . . . . . . . . Authchips . | . . . . . . . . . . Time . | . . . . . . . . . . Total Robot Build Rating . | . . . . . . . . . . Part Schematics Acquired 1 | . . . . . . . . 1 . Parts Built . | . . . . . . . . . . Authchips . | . . . . . . . . . . Time . | . . . . . . . . . . Total Part Build Rating . | . . . . . . . . . . Parts Repaired . | . . . . . . . . . . Time . | . . . . . . . . . . Parts Recycled . | . . . . . . . . . . Recycled Matter . | . . . . . . . . . . Retrieved Matter . | . . . . . . . . . . Retrieved Components . | . . . . . . . . . . Parts Scanalyzed . | . . . . . . . . . . Part Schematics Acquired . | . . . . . . . . . . Parts Damaged . | . . . . . . . . . . Bothacking | -11 -10 -9 -8 -7 -7 -6 -5 -4 -3 ------------ Run | Yrd Mat Mat Mat Fac DSF Fac Fac Fac Res Used RIF Installer . | . . . . . . . . . . Robots Hacked . | . . . . . . . . . . Non-combat . | . . . . . . . . . . Combat . | . . . . . . . . . . Robot Hacks Applied . | . . . . . . . . . . Relay Couplers Released . | . . . . . . . . . . Fabnet Peak Effective % . | . . . . . . . . . . Robots Rewired . | . . . . . . . . . . Allies Hacked . | . . . . . . . . . . Hacks Repelled . | . . . . . . . . . . Allies | -11 -10 -9 -8 -7 -7 -6 -5 -4 -3 -------- Run | Yrd Mat Mat Mat Fac DSF Fac Fac Fac Res Total Allies . | . . . . . . . . . . Largest Group . | . . . . . . . . . . Highest-Rated Group . | . . . . . . . . . . Highest-Rated Ally . | . . . . . . . . . . Total Orders 1 | . . . . . . . 1 . . EXPLORE 1 | . . . . . . . 1 . . Ally Attacks . | . . . . . . . . . . Total Damage . | . . . . . . . . . . Kills . | . . . . . . . . . . Allies Corrupted . | . . . . . . . . . . Allies Melted . | . . . . . . . . . . Intel | -11 -10 -9 -8 -7 -7 -6 -5 -4 -3 ------- Run | Yrd Mat Mat Mat Fac DSF Fac Fac Fac Res Active Infowar (turns) 458 | . 72 47 79 . . 73 71 116 . Optics 260 | . . . . . . 73 71 116 . Sensors 198 | . 72 47 79 . . . . . . Robot Analysis Total . | . . . . . . . . . . Derelict Logs Recovered . | . . . . . . . . . . Drone Launches 2 | . . . . . . . 2 . . Drone Recoveries . | . . . . . . . . . . Exploration | -11 -10 -9 -8 -7 -7 -6 -5 -4 -3 ------------- Run | Yrd Mat Mat Mat Fac DSF Fac Fac Fac Res Turns Passed 746 | 17 78 47 95 1 33 73 71 164 167 Spaces Moved 1334 | 25 78 89 146 3 53 141 123 316 360 Core 1078 | 25 78 89 135 . . 114 83 316 238 Treads . | . . . . . . . . . . Legs . | . . . . . . . . . . Wheels . | . . . . . . . . . . Hover 134 | . . . 11 3 53 27 40 . . Flight 122 | . . . . . . . . . 122 Fastest Speed 30 | 50 50 50 48 48 48 50 50 50 30 Average Speed 51 | 50 93 51 50 48 51 51 53 50 43 Slowest Speed 100 | 50 100 100 100 48 56 56 60 50 50 Overloaded Moves . | . . . . . . . . . . Propulsion Burnouts . | . . . . . . . . . . Robots Hopped . | . . . . . . . . . . Potential Cave-ins . | . . . . . . . . . . Cave-ins Triggered . | . . . . . . . . . . Exploration Rate (%) 23 | 3 33 21 26 . 81 9 6 16 16 Regions Visited 9 Branch Regions . Pre-discovered Areas . | . . . . . . . . . . Known Exits Taken 7 | . 1 1 1 1 . 1 1 1 . Unknown Exits Taken 1 | 1 . . . . . . . . . Scrap Searched . | . . . . . . . . . . Spaces Dug . | . . . . . . . . . . Terrain Destroyed . | . . . . . . . . . . Melee . | . . . . . . . . . . Projectile . | . . . . . . . . . . AOE . | . . . . . . . . . . Terrain Rammed . | . . . . . . . . . . Walls Destroyed . | . . . . . . . . . . Machines Disabled . | . . . . . . . . . . Actions | -11 -10 -9 -8 -7 -7 -6 -5 -4 -3 --------- Run | Yrd Mat Mat Mat Fac DSF Fac Fac Fac Res Total 1379 | 27 82 89 164 2 57 141 126 321 370 Wait 1 | . . . 1 . . . . . . Move 1325 | 24 77 88 145 2 52 140 122 315 360 Hop . | . . . . . . . . . . Pick Up 4 | . . . 1 . 2 . . 1 . Fast Attach 24 | 3 2 . 10 . 2 . 3 2 2 Attach 3 | . . . 1 . . 1 . . 1 Detach 6 | . . 1 4 . . . 1 . . Swap . | . . . . . . . . . . Drop 4 | . . . 2 . 1 . . 1 . Fire . | . . . . . . . . . . Melee . | . . . . . . . . . . Ram 12 | . 3 . . . . . . 2 7 Kick . | . . . . . . . . . . Crush . | . . . . . . . . . . Escape Stasis . | . . . . . . . . . . Rewire . | . . . . . . . . . . Trap . | . . . . . . . . . . Miscellaneous . | . . . . . . . . . . Route ------- -11/Scrapyard -10/Materials (discovered 2 exits: *Mat / [*Min]) -9/Materials -8/Materials -7/Factory -7/DSF -6/Factory -5/Factory (discovered 4 exits: *Fac x4) -4/Factory (discovered 4 exits: *Res x4) -3/Research History --------- Turn | Location | Event 11 | -11/Scrapyard | Discovered new exit (range 15) 18 | -11/Scrapyard | Entered Materials 56 | -10/Materials | Discovered new exit (range 16) 88 | -10/Materials | Discovered new exit (range 9) 95 | -10/Materials | Identified exit to Materials 96 | -10/Materials | Entered another Materials area 96 | -9/Materials | Evolved 2 slots: Propulsion x2 137 | -9/Materials | Discovered new exit (range 12) 142 | -9/Materials | Identified exit to Materials 143 | -9/Materials | Entered another Materials area 143 | -8/Materials | Evolved 2 slots: Power x1, Propulsion x1 209 | -8/Materials | Discovered new exit (range 16) 238 | -8/Materials | Identified exit to Factory 238 | -8/Materials | Entered Factory 238 | -7/Factory | Evolved 2 slots: Propulsion x2 239 | -7/Factory | Identified exit to DSF 239 | -7/Factory | Entered DSF 261 | -7/DSF | Additional patrols routed to DSF 264 | -7/DSF | Discovered new exit (range 14) 271 | -7/DSF | Identified exit to Factory 272 | -7/DSF | Entered Factory 272 | -6/Factory | Evolved 2 slots: Utility x2 312 | -6/Factory | Build established: Mutant 320 | -6/Factory | Lost 6 parts (2p3n1u) 340 | -6/Factory | Discovered new exit (range 13) 345 | -6/Factory | Identified exit to Factory 345 | -6/Factory | Entered another Factory area 345 | -5/Factory | Evolved 2 slots: Propulsion x1, Utility x1 383 | -5/Factory | Identified exit to Factory 416 | -5/Factory | Entered another Factory area 416 | -4/Factory | Evolved 2 slots: Propulsion x1, Utility x1 519 | -4/Factory | Spotted B-86 Titan 528 | -4/Factory | Identified exit to Research 533 | -4/Factory | Core integrity fell below 50% 575 | -4/Factory | Core integrity fell below 20% 580 | -4/Factory | Entered Research 580 | -3/Research | Evolved 2 slots: Propulsion x1, Utility x1 609 | -3/Research | Spotted B-86 Titan 678 | -3/Research | Core integrity fell below 50% 734 | -3/Research | Core integrity fell below 20% 747 | -3/Research | Self-destructed Last Messages --------------- 00655_ Hacking Suite severed. 00655_ K-01 Serf cleans the Terminal. 00659_ Connecting with Terminal... >>Access(Emergency) Found 1 emergency access door: (30,111) Map updated. 00669_ Slammed into S-43 Plague. 00673_ Slug penetrates Wall. 00677_ Critical hit (Meltdown: +380). 00678_ U-05 Engineer builds a Wall. 00722_ W-44 Eye sends out distress signal. 00726_ Slug penetrates U-05 Engineer. 00730_ K-01 Serf cleans the Terminal. 00733_ Proton Scatter Basin disabled. 00737_ Slug penetrates Door. 00737_ Slug penetrates Wall. 00737_ Penetrated by Slug. 00741_ Slammed into P-80 Master. 00742_ Slug penetrates Wall. Map ----- +----------------------------------------------------+ | ?????????????????????????????????????????????????? | | ?????????????????????????????????????????????????? | | ?????????????????????????????????????????????????? | | ?????????????????????????????????????????????????? | | ?????????????????????????????????????????????????? | | ?????????????????????????????????????????????????? | | ?????????????????????????????????????????????????? | | ?????????????????????????????????????????????????? | | ?????????????????????????????????????????????????? | | ?????????????????????????????????????????????????? | | ?????????????????????????????????????????????????? | | ?????????????????????????????????????????????????? | | ?????????????????????????????????????????????????? | | ?????????????????????????????????????????????????? | | ?????????????????????????????????????????????????? | | ?????????????????????????????????????????????????? | | ????????????????????????####+#####???????????????? | | ????????????????????????# ????????????????? | | ????????????????????????+ ?????????????????? | | ????????????????????????# s ??????????????????? | | ????????????????????????# ???????????????????? | | ????????????????????????# #???????????????????? | | ????????????????????????# s#???????????????????? | | ????????????????????????# s#???????????????????? | | ????????????????????????# #???????????????????? | | ????????????????????????#@ #???????????????????? | | ????????????????????????# #???????????????????? | | ????????????????????????# ##########??????????? | | ????????????????????????# # ! #??????????? | | ????????????????????????# # #??????????? | | ????????????????????????# # #??????????? | | ????????????????????????# # """ #??????????? | | ????????????????????????# A# "R #??????????? | | ????????????????######### p# """ #??????????? | | ???????????? + + "" #??????????? | | ???????????? #A # #??????????? | | ???????????? # R# #??????????? | | ????????????? ?# h#####"###########+### | | ?????????????? ??# | | ??????????????########??# | | ??????????????????????### | | ??????????????????????? + """" " "" | | ????????????????????????# """""""" "" | | ????????????????????????# """""""" T" | | ????????????????????????# """""""" "" | | ????????????????????????# "" | | ????????????????????????# | | ????????????????????????# | | ????????????????????????# | | ????????????????????????# ###+############## | +----------------------------------------------------+ Best States ------------- Heat Dissipation 46 Energy Generation 15 Energy Capacity 275 Matter Stores 206 Matter Capacity 300 Sight Range 20 Robot Scan Range 14 Terrain Scan Density 10 Power Amplification 20 Evasion (%) 64 Recoil Reduction 1 Offensive Hacking 20 Defensive Hacking 14 Item Schematics ----------------- Particle Reactor | -4/Factory | Hacked Robot Schematics ------------------ None Fabricated ------------ Nothing Repaired ---------- Nothing Alien Tech Used ----------------- None Achievements -------------- None Challenges ------------ None Game ------ Seed FrostAssemblyTerminator Manual? 0 Play Time 00:17:39 Cumulative 275.4 hours Start 2025.06.02 @ 22:54:36 End 2025.06.02 @ 23:09:02 Sessions 1 Manual Loads 0 Difficulty Rogue Special Mode None Game No. 143 Rogue 135 Adventurer 8 Explorer 0 Win Type - Total 11 Types 6/0/2/2/0/0/0/0/0/1 Lore% 86 Gallery% 83 Achievement% 72 Wizard Run 0 Options --------- Layout 2 ASCII 0 Keyboard 1 Movement Numpad Keybinds 1 Fullscreen 1 Font 48/Smallcaps Map View 50x44 Zoom Use 0% Tactical HUD 1 Map Filters NONE Filters NONE Steam 1 RUN: 03115348-06b8-4a06-9979-90dc8ef50ff5